 Dungeon Crawl Stone Soup version 0.23.2 (webtiles) character file.

Game seed: 11914677770068989466

1629 Kobolds4U the Sneak (level 8, -2/41 HPs)
             Began as a Deep Elf Conjurer on Apr 10, 2019.
             Was a Follower of Vehumet.
             Killed by nerve-wracking pain
             ... invoked by Menkaure
              (10 damage)
             ... on level 7 of the Dungeon on Apr 11, 2019.
             The game lasted 00:29:47 (8683 turns).

Kobolds4U the Sneak (Deep Elf Conjurer)             Turns: 8683, Time: 00:29:48

Health: -2/41      AC:  6    Str:  6    XL:     8   Next: 65%
Magic:  0/18       EV: 16    Int: 22    God:    Vehumet [*.....]
Gold:   358        SH:  0    Dex: 15    Spells: 6/18 levels left

rFire    . . .     SeeInvis .   d - +0 dagger
rCold    . . .     Gourm    .   (no shield)
rNeg     . . .     Faith    .   a - +0 robe
rPois    .         Spirit   +   n - +2 helmet
rElec    .         Reflect  .   o - +0 cloak
rCorr    .         Harm     .   (no gloves)
MR       +....                  (no boots)
Stlth    +++.......             q - amulet of guardian spirit
HPRegen  0.13/turn              i - ring of protection from magic
MPRegen  0.16/turn              (no ring)

@: lightly drained
A: no striking features
a: Renounce Religion


You were on level 7 of the Dungeon.
You worshipped Vehumet.
Vehumet was aware of your devotion.
You were not hungry.

You visited 2 branches of the dungeon, and saw 8 of its levels.

You collected 358 gold pieces.

Inventory:

Hand Weapons
 d - a +0 dagger (weapon)
Armour
 a - a +0 robe (worn)
 n - a +2 helmet (worn)
 o - a +0 cloak (worn)
 v - a +2 hat
Jewellery
 i - a ring of protection from magic (left hand)
 q - an amulet of guardian spirit (around neck)
Wands
 m - a wand of polymorph (5)
 C - a wand of enslavement (9)
Scrolls
 j - 2 scrolls of fog
 k - 2 scrolls of amnesia {unknown}
 l - a scroll of noise {unknown}
 p - 9 scrolls of identify
 r - a scroll of enchant armour {unknown}
 s - 2 scrolls of magic mapping {unknown}
 u - a scroll of random uselessness {unknown}
 y - 3 scrolls of remove curse {unknown}
 B - a scroll of teleportation {unknown}
Potions
 b - 2 potions of berserk rage {unknown}
 e - 3 potions of curing
 f - 2 potions of heal wounds {unknown}
 g - a potion of brilliance
 h - 2 potions of ambrosia {unknown}
 t - 2 potions of agility {unknown}
 x - a potion of haste {unknown}
 z - a potion of magic {unknown}
 A - a potion of flight {unknown}
Comestibles
 c - 12 rations


   Skills:
 * Level 6.5(6.1) Dodging
 - Level 7.1(6.7) Stealth
 + Level 5.5(5.2) Spellcasting
 - Level 7.0(6.6) Conjurations
 - Level 2.0(1.7) Hexes
 - Level 5.1(4.8) Translocations
 - Level 2.0(1.7) Evocations


You had 6 spell levels left.
You knew the following spells:

 Your Spells              Type           Power        Failure   Level  Hunger
a - Magic Dart            Conj           ####         1%          1    None
b - Searing Ray           Conj           #####.       1%          2    None
c - Force Lance           Conj/Tloc      ####....     10%         4    ####...
d - Apportation           Tloc           ####..       1%          1    None
e - Dazzling Spray        Conj/Hex       ###...       5%          3    ##.....
f - Sting                 Conj/Pois      ###.         2%          1    None

Your spell library contained the following spells:

 Spells                   Type           Power        Failure   Level  Hunger
 Confusing Touch          Hex            ##....       4%          1    None
 Iskenderun's Mystic Bla  Conj           #####...     6%          4    ####...
 Animate Skeleton         Necr           N/A          10%         1    None
 Summon Small Mammal      Summ           #...         10%         1    None
 Fulminant Prism          Conj/Hex       ###.......   17%         4    ####...


Dungeon Overview and Level Annotations

Branches:
Dungeon (7/15)             Temple (1/1) D:5

Altars:
Ashenzari
Cheibriados
Dithmenos
Elyvilon
Fedhas
Gozag
Hepliaklqana
Kikubaaqudgha
Makhleb
Nemelex Xobeh
Okawaru
Qazlal
Ru
Sif Muna
Trog
Uskayaw
Vehumet
Wu Jian
Xom
Yredelemnul
Zin
The Shining One

Annotations:
D:2 1 runed translucent door, Crazy Yiuf
D:7 exclusion: electric eel, Menkaure


Message History

As you read the scroll labeled GAPOSI FEOJIY, it crumbles to dust.
The scroll dissolves into smoke.
It was a scroll of fog.
The wight hits you from afar with a +3 halberd!
You feel drained.
* * * LOW HITPOINT WARNING * * *
Menkaure calls on the powers of darkness!
Your body is wracked with pain!
* * * LOW HITPOINT WARNING * * *
Menkaure gestures wildly while chanting.
Menkaure seems to speed up.
Menkaure calls on the powers of darkness!
Your body is wracked with pain!
* * * LOW HITPOINT WARNING * * *
All of the chunks of flesh in your inventory have rotted away.
Menkaure calls on the powers of darkness!
Your body is wracked with pain!
* * * LOW HITPOINT WARNING * * *
Menkaure casts a spell at you. Pain shoots through your body!
You die...

.............#
#...# #z
####........#
##..# #.
####........#
#..# #z
#........####
#..# #.
#........#
....###.
#........#
........
#......).#
.##.##..
#........# #. #..
#.......@# #.##..
#........# #..#..
#........# ##.#..
#......M.# #....
#........# ##...
#........## #
#...
#.........#.#
#...
#.........#.# .
##..
######.##...#....
#.>


You could see Menkaure.

Vanquished Creatures
  An orc warrior (D:6)
  2 sky beasts
  5 bullfrogs
  A scorpion (D:5)
  A howler monkey (D:6)
  2 crimson imps (D:6)
  2 jellies
  A bullfrog zombie (D:5)
  3 orc priests
  2 hounds
  7 orc wizards
  Jessica (D:2)
  Terence (D:3)
  A worker ant (D:4)
  2 hound zombies (D:5)
  Robin (D:3)
  8 gnolls
  8 adders
  2 shadow imps
  An ooze (D:1)
  An adder skeleton (D:4)
  An adder zombie (D:6)
  5 worms
  3 dart slugs
  5 leopard geckos
  21 orcs
  3 ball pythons
  2 bat skeletons (D:2)
  A bat zombie (D:2)
  5 giant cockroaches
  11 hobgoblins
  4 jackals (D:3)
  A quokka (D:5)
  7 bats
  3 frilled lizards
  20 goblins
  7 kobolds
  A leopard gecko skeleton (D:2)
  2 quokka zombies
  6 rats
161 creatures vanquished.

Vanquished Creatures (others)
  6 plants
6 creatures vanquished.

Grand Total: 167 creatures vanquished

Notes
Turn   | Place    | Note
-------+----------+-------------------------------------------
     0 | D:1      | Kobolds4U the Deep Elf Conjurer began the quest for the
                  | Orb.
     0 | D:1      | Reached XP level 1. HP: 10/10 MP: 6/6
   179 | D:1      | Reached XP level 2. HP: 15/15 MP: 2/9
   213 | D:1      | Learned a level 2 spell: Searing Ray
   760 | D:1      | Reached XP level 3. HP: 19/19 MP: 7/11
   772 | D:1      | Reached skill level 5 in Spellcasting
  1129 | D:2      | Noticed Jessica
  1131 | D:2      | Killed Jessica
  1198 | D:2      | Reached XP level 4. HP: 22/24 MP: 8/13
  1204 | D:2      | Learned a level 4 spell: Force Lance
  1847 | D:2      | Found a runed translucent door.
  1848 | D:2      | Noticed Crazy Yiuf
  1953 | D:3      | Noticed Robin
  2089 | D:3      | Reached skill level 1 in Translocations
  2099 | D:3      | Reached XP level 5. HP: 28/28 MP: 4/14
  2102 | D:3      | Reached skill level 5 in Conjurations
  2304 | D:3      | Killed Robin
  2700 | D:3      | Noticed Terence
  2734 | D:3      | Learned a level 1 spell: Apportation
  2738 | D:3      | Learned a level 3 spell: Dazzling Spray
  2874 | D:3      | Killed Terence
  2874 | D:3      | Reached XP level 6. HP: 27/32 MP: 0/15
  4055 | D:4      | Found a hide-covered altar of Uskayaw.
  4522 | D:5      | Entered Level 5 of the Dungeon
  4618 | D:5      | Found a staircase to the Ecumenical Temple.
  4680 | D:5      | Reached XP level 7. HP: 36/36 MP: 8/16
  4834 | Temple   | Entered the Ecumenical Temple
  5100 | Temple   | Became a worshipper of Vehumet
  5449 | D:5      | Reached skill level 1 in Hexes
  5477 | D:5      | Reached skill level 5 in Stealth
  5930 | D:5      | Reached * piety under Vehumet
  5930 | D:5      | Offered knowledge of Sting by Vehumet.
  5936 | D:5      | Learned a level 1 spell: Sting
  6451 | D:6      | Reached XP level 8. HP: 41/41 MP: 10/17
  6675 | D:6      | Reached skill level 5 in Dodging
  6675 | D:6      | Reached skill level 5 in Translocations
  7054 | D:6      | Reached skill level 1 in Evocations
  8409 | D:7      | Noticed Menkaure
  8683 | D:7      | Killed from afar by Menkaure

Skill      XL: |  1  2  3  4  5  6  7  8 |
---------------+-------------------------+-----
Spellcasting   | 4 5 |  5.5
Dodging        | 3 4 6 |  6.5
Translocations | 2 3 4 5 |  5.1
Conjurations   | 5 6 7 |  7.0
Stealth        | 4 5 7 |  7.1
Hexes          | 2 |  2.0
Evocations     | 2 |  2.0

Action                   |  1- 3 |  4- 6 |  7- 9 || total
-------------------------+-------+-------+-------++-------
Melee: Dagger            |    14 |    41 |     7 ||    62
 Cast: Magic Dart        |    56 |   119 |   119 ||   294
       Searing Ray       |       |    14 |    26 ||    40
       Dazzling Spray    |       |       |     5 ||     5
       Sting             |       |       |     1 ||     1
  Use: Scroll            |       |       |     2 ||     2
 Stab: Sleeping          |     1 |     2 |     4 ||     7
  Eat: Chunk             |     1 |    10 |    13 ||    24
Armor: Robe              |     5 |    16 |    12 ||    33
Dodge: Dodged            |    18 |    60 |    50 ||   128
